 Dungeon Crawl Stone Soup version 0.25-a0-200-g5ba96148f3 (webtiles) character file.

Game seed: 4597249148345407850, levelgen mode: deterministic

1147 floatRand the Shield-Bearer (level 7, 0/56 HPs)
             Began as a Demigod Fighter on Dec 1, 2019.
             Slain by an orc warrior
             ... wielding a +0 halberd
              (5 damage)
             ... on level 6 of the Dungeon.
             The game lasted 00:07:24 (5535 turns).

floatRand the Shield-Bearer (Demigod Fighter)       Turns: 5535, Time: 00:07:25

Health: 0/56       AC: 14    Str: 19    XL:     7   Next: 93%
Magic:  9/9        EV: 10    Int: 12    God:
Gold:   298        SH: 11    Dex: 24    Spells: 6/6 levels left

rFire    . . .     SeeInvis .   a - +0 long sword
rCold    . . .     Gourm    .   c - +0 shield
rNeg     . . .     Faith    .   w - +3 chain mail {rPois}
rPois    +         Spirit   .   q - +0 helmet
rElec    .         Reflect  .   (no cloak)
rCorr    .         Harm     .   (no gloves)
MR       .....                  h - +0 pair of boots
Stlth    +.........             (no amulet)
HPRegen  0.18/turn              (no ring)
MPRegen  0.11/turn              (no ring)

@: agile, berserk cooldown, slowed, very slow
A: high mp 1
a: no special abilities


You were on level 6 of the Dungeon.
You were hungry.

You visited 1 branch of the dungeon, and saw 6 of its levels.

You collected 298 gold pieces.

Inventory:

Hand Weapons
 a - a +0 long sword (weapon)
 e - a +0 dagger of venom
Armour
 b - a +0 scale mail
 c - a +0 shield (worn)
 h - a +0 pair of boots (worn)
 q - a +0 helmet (worn)
 u - a +2 robe of resistance
 w - a +3 chain mail of poison resistance (worn)
Wands
 v - a wand of random effects (15)
Scrolls
 k - a scroll of identify
 n - a scroll of remove curse
 r - 3 scrolls of teleportation
Potions
 d - a potion of might
 j - 3 potions of flight
 m - 2 potions of mutation
 o - 2 potions of magic
 p - a potion of degeneration {unknown}
 s - a potion of lignification {unknown}
 x - 2 potions of curing
 z - a potion of brilliance {unknown}
 A - a potion of cancellation {unknown}
 B - a potion of ambrosia
Comestibles
 f - 9 rations
 t - 2 chunks of flesh


   Skills:
 - Level 2.6 Fighting
 + Level 5.5 Long Blades
 - Level 2.6 Armour
 + Level 5.0 Stealth
 + Level 5.9 Shields


You had 6 spell levels left.
You didn't know any spells.
Your spell library was empty.

Dungeon Overview and Level Annotations

Branches:
Dungeon (6/15)
 Temple: D:4-7

Shops:
D:5 [

Annotations:
D:4 1 runed translucent door, grouchysmurf's ghost, amateur SpVM


Innate Abilities, Weirdness & Mutations

You have an increased reservoir of magic. (+10% MP)


Message History

* * * LOW HITPOINT WARNING * * *
A sky beast appears from thin air!
Reactivating autopickup.
The jelly hits you but does no damage.
The orc warrior hits you but does no damage.
You block the jelly's attack. You block the orc warrior's attack.
The jelly hits you but does no damage. You block the orc warrior's attack.
The jelly hits you but does no damage.
The orc warrior hits you from afar with a +0 halberd!
* * * LOW HITPOINT WARNING * * *
The orc hits you but does no damage. You block the jelly's attack.
The orc warrior barely misses you.
The sky beast flickers out of sight!
Deactivating autopickup; reactivate with Ctrl-A.
You block the jelly's attack.
The jelly jiggles.
The jelly jiggles.
The jelly hits you but does no damage.
The orc warrior hits you from afar with a +0 halberd.
You die...

# #....#.# #....#.#.# #.#
# #.####.###.##o#.#.# #
####'####.....##.#.#.#
###.............##.#.#.#
................##.#.#.#
................##o#.#.#
.o..............##.#.#.#
.##..o.o........##.#.#.#
.#####o#######.J@..#.#.###
_..#.#Y# #o#####.#...#
.#...#.# #.#.....###.#
.###.#Y# #.#.#######.#
.....#o# #o#.#.......#
....Jo.# #o#.#.#######
.###o#########.#.#.#
.....####....oo#...#
o###....#....o.#####


You could see an orc warrior and a jelly.

Vanquished Creatures
  3 ogres
  3 scorpions
  A howler monkey (D:6)
  2 hounds
  4 orc priests (D:6)
  2 orc wizards
  A centaur skeleton (D:6)
  Terence (D:3)
  An iguana (D:5)
  Ijyb (D:5)
  6 worker ants
  A hound skeleton (D:4)
  A worker ant zombie (D:6)
  Robin (D:2)
  8 adders
  2 shadow imps
  A worm (D:2)
  3 dart slugs
  4 leopard geckos
  12 orcs
  2 ball pythons
  8 giant cockroaches
  11 hobgoblins
  4 jackals
  2 quokkas
  A ball python skeleton (D:4)
  9 bats
  3 frilled lizards
  13 goblins
  9 kobolds
  2 leopard gecko skeletons
  7 rats
129 creatures vanquished.

Notes
Turn   | Place    | Note
-------+----------+-------------------------------------------
     0 | D:1      | floatRand the Demigod Fighter began the quest for the Orb.
     0 | D:1      | Reached XP level 1. HP: 18/18 MP: 3/3
    78 | D:1      | Reached XP level 2. HP: 15/25 MP: 4/4
   631 | D:2      | Reached XP level 3. HP: 28/30 MP: 5/5
   916 | D:2      | Noticed Robin
   933 | D:2      | Killed Robin
   940 | D:2      | Reached skill level 1 in Stealth
  1324 | D:2      | Reached XP level 4. HP: 32/37 MP: 6/6
  1369 | D:2      | Found a basalt altar of Yredelemnul.
  1369 | D:2      | Found a glowing silver altar of Zin.
  1369 | D:2      | You fall into a shaft and drop 1 floor!
  1985 | D:3      | Noticed Terence
  2003 | D:3      | Killed Terence
  2149 | D:4      | Reached XP level 5. HP: 42/42 MP: 7/7
  2413 | D:4      | Found a sacrificial altar of Ru.
  2593 | D:4      | Noticed an ogre
  2623 | D:4      | Killed an ogre
  2623 | D:4      | Reached XP level 6. HP: 26/50 MP: 8/8
  2747 | D:4      | Found a runed translucent door.
  2752 | D:4      | Noticed grouchysmurf's ghost (amateur SpVM)
  3244 | D:5      | Entered Level 5 of the Dungeon
  3553 | D:5      | Reached skill level 5 in Shields
  3736 | D:5      | Found Puoxistri's Armour Emporium.
  3753 | D:5      | Reached XP level 7. HP: 53/56 MP: 9/9
  3885 | D:5      | Found an iron altar of Okawaru.
  3982 | D:5      | Found a glowing golden altar of the Shining One.
  3988 | D:5      | Noticed Ijyb
  4003 | D:5      | Killed Ijyb
  4664 | D:6      | Reached skill level 5 in Long Blades
  4902 | D:6      | Found a burning altar of Makhleb.
  5394 | D:6      | Found a blossoming altar of Fedhas.
  5509 | D:6      | Reached skill level 5 in Stealth
  5535 | D:6      | Slain by an orc warrior

Levels and vault maps discovered:
D:1:      mushboom_english_gardens, layout_rooms
D:2:      layout_basic, gammafunk_temple_overflow_elements,
          chequers_decorated_corner, uniq_robin
D:3:      layout_loops_ring, uniq_terence
D:4:      layout_loops_ring, nicolae_ru_path_of_blood, ebering_ghost_sewer_d
D:5:      layout_rooms, kennysheep_little_box, kennysheep_mini_moat,
          first_ration, serial_shops, shop, serial_glass, glass_columns_b,
          glass_columns_a, glass_columns_c, glass_columns_a, glass_columns_a,
          glass_columns_b, glass_columns_b, glass_columns_b, uniq_ijyb
D:6:      layout_basic, lemuel_crystal_altar, makhleb_heckhound_becter

Skill      XL: |  1  2  3  4  5  6  7 |
---------------+----------------------+-----
Long Blades    | 2 3 4 5 |  5.5
Shields        | 3 4 5 |  5.9
Stealth        | 1 2 3 5 |  5.0
Fighting       | |  2.6
Armour         | |  2.6

Action                   |  1- 3 |  4- 6 |  7- 9 || total
-------------------------+-------+-------+-------++-------
Melee: Long sword        |   168 |   151 |   140 ||   459
       Dagger            |       |    44 |    58 ||   102
  Use: Potion            |       |     1 |     5 ||     6
       Scroll            |       |    10 |     3 ||    13
 Stab: Sleeping          |       |     1 |       ||     1
  Eat: Chunk             |     2 |     8 |     5 ||    15
Armor: Scale mail        |   102 |    57 |       ||   159
       Chain mail        |       |    26 |   112 ||   138
Dodge: Dodged            |    67 |    46 |    39 ||   152
Block: Shield            |   107 |   102 |   104 ||   313
       Rpst.: Long sword |    18 |    13 |     2 ||    33

Table legend:
 A = Non-vault XP
 B = Vault XP
 C = Vault XP percentage of total XP
 D = Non-vault monster count
 E = Vault monster count
 F = Vault count percentage of total count
                 A         B        C        D         E       F
            +---------+---------+-------+---------+---------+-------
      Total |    1492 |     147 |   9.0 |     116 |      13 |  10.1
            +---------+---------+-------+---------+---------+-------
        D:1 |      35 |       0 |   0.0 |      18 |       0 |   0.0
        D:2 |      55 |      33 |  37.5 |      22 |      10 |  31.2
        D:3 |      64 |      36 |  36.0 |      24 |       1 |   4.0
        D:4 |     380 |       0 |   0.0 |      16 |       0 |   0.0
        D:5 |     308 |      35 |  10.2 |      12 |       1 |   7.7
        D:6 |     650 |      43 |   6.2 |      24 |       1 |   4.0
            +---------+---------+-------+---------+---------+-------
